PAAA
ROYSE CITY TARGARYENS @ SUNSET DISTRICT FOG
09/04/2027
 
TOP OF THE 1ST
Royse City Targaryens batting - Pitching for Sunset District Fog : RHP Júlio Martínez
Pitching: RHP Júlio Martínez
Batting: RHB Héctor Ruíz 0-0: Ball
1-0: Called Strike
1-1: Called Strike
1-2: Fly out, F9 (Line Drive, 9)
Batting: LHB José Vargas 0-0: Swinging Strike
0-1: Ball
1-1: Called Strike
1-2: Foul Ball, location: 2F
1-2: Foul Ball, location: 2F
1-2: Strikes out looking
Batting: RHB Junior Pittman 0-0: Ball
1-0: SINGLE (Line Drive, 56D)
Batting: RHB Bruce Ingilby 0-0: Ball
1-0: Called Strike
1-1: Fielders Choice at 2nd, 6-4 (Groundball, 6)
Top of the 1st over - 0 run(s), 1 hit(s), 0 error(s), 0 left on base; Royse City 0 - Sunset District 0
BOTTOM OF THE 1ST
Sunset District Fog batting - Pitching for Royse City Targaryens : RHP Craig Gasnier
Pitching: RHP Craig Gasnier
Batting: RHB Reginald Kalkman 0-0: Bunt for hit - play at first, batter safe!
Batting: LHB Pedro Tapia 0-0: Ball
1-0: Fielders Choice at 2nd, 6-4 (Groundball, 56)
Batting: SHB Albert Sánchez 0-0: Ball
1-0: Ball
Pedro Tapia steals 2nd base
2-0: Called Strike
2-1: Swinging Strike
2-2: Strikes out swinging
Batting: RHB Yehonatan Chazan 0-0: Ball
1-0: Called Strike
1-1: Swinging Strike
1-2: Ball
2-2: Fly out, F8 (Flyball, 8RM)
Bottom of the 1st over - 0 run(s), 1 hit(s), 0 error(s), 1 left on base; Royse City 0 - Sunset District 0
TOP OF THE 2ND
Royse City Targaryens batting - Pitching for Sunset District Fog : RHP Júlio Martínez
Batting: RHB Louis Gibbons 0-0: Ball
1-0: Called Strike
1-1: Called Strike
1-2: Foul Ball, location: 2F
1-2: Fly out, F9 (Flyball, 9S)
Batting: RHB IV Seacat 0-0: Fly out, F8 (Flyball, 8RS)
Batting: LHB Sisto Pagnamenta 0-0: Ball
1-0: Foul Ball, location: 2F
1-1: Swinging Strike
1-2: Ball
2-2: Ball
3-2: Strikes out swinging, 2-3 out at first.
Top of the 2nd over - 0 run(s), 0 hit(s), 0 error(s), 0 left on base; Royse City 0 - Sunset District 0
BOTTOM OF THE 2ND
Sunset District Fog batting - Pitching for Royse City Targaryens : RHP Craig Gasnier
Batting: RHB Mariano Sánchez 0-0: Foul Ball, location: 2F
0-1: Ball
1-1: Swinging Strike
1-2: Ball
2-2: Fly out, F9 (Flyball, 9S)
Batting: SHB Esteban Lugo 0-0: Foul Ball, location: 2F
0-1: Called Strike
0-2: Foul Ball, location: 2F
0-2: Foul Ball, location: 2F
0-2: Strikes out swinging
Batting: RHB Chad Shafer 0-0: Called Strike
0-1: Ball
1-1: Ball
2-1: Ground out 5-3 (Groundball, 56S)
Bottom of the 2nd over - 0 run(s), 0 hit(s), 0 error(s), 0 left on base; Royse City 0 - Sunset District 0
TOP OF THE 3RD
Royse City Targaryens batting - Pitching for Sunset District Fog : RHP Júlio Martínez
Batting: LHB Jorge Garza 0-0: Called Strike
0-1: Ground out 4-3 (Groundball, 34)
Batting: LHB Ramón García 0-0: Fly out, F8 (Flyball, 8RS)
Batting: RHB Héctor Ruíz 0-0: Ball
1-0: Called Strike
1-1: Ball
2-1: Ball
3-1: Base on Balls
Batting: LHB José Vargas 0-0: Ball
Héctor Ruíz steals 2nd base
1-0: Called Strike
1-1: Ball
2-1: Ball
3-1: SINGLE (Flyball, 9LM)
Héctor Ruíz to third
Runner from 3rd tries for Home, throw and OUT!
Top of the 3rd over - 0 run(s), 1 hit(s), 0 error(s), 1 left on base; Royse City 0 - Sunset District 0
BOTTOM OF THE 3RD
Sunset District Fog batting - Pitching for Royse City Targaryens : RHP Craig Gasnier
Batting: RHB Ricardo Téllez 0-0: Fly out, F5 (Popup, 5S)
Batting: RHB Jack Head 0-0: Ball
1-0: Fly out, F8 (Flyball, 8LS)
Batting: RHB Reginald Kalkman 0-0: Fly out, F9 (Flyball, 9S)
Bottom of the 3rd over - 0 run(s), 0 hit(s), 0 error(s), 0 left on base; Royse City 0 - Sunset District 0
TOP OF THE 4TH
Royse City Targaryens batting - Pitching for Sunset District Fog : RHP Júlio Martínez
Batting: RHB Junior Pittman 0-0: Ball
1-0: Foul Ball, location: 2F
1-1: Foul Ball, location: 2F
1-2: Ball
2-2: Fly out, F8 (Flyball, 8LS)
Batting: RHB Bruce Ingilby 0-0: Called Strike
0-1: Ball
1-1: Ball
2-1: Foul Ball, location: 2F
2-2: Ball
3-2: Base on Balls
Batting: RHB Louis Gibbons 0-0: Called Strike
0-1: Ball
1-1: 2-RUN HOME RUN (Flyball, 7LD), Distance : 358 ft
Batting: RHB IV Seacat 0-0: Ball
1-0: Ball
2-0: Swinging Strike
2-1: Ground out 6-3 (Groundball, 6)
Batting: LHB Sisto Pagnamenta 0-0: Called Strike
0-1: Ball
1-1: Swinging Strike
1-2: Ball
2-2: Ground out 4-3 (Groundball, 4)
Top of the 4th over - 2 run(s), 1 hit(s), 0 error(s), 0 left on base; Royse City 2 - Sunset District 0
BOTTOM OF THE 4TH
Sunset District Fog batting - Pitching for Royse City Targaryens : RHP Craig Gasnier
Batting: LHB Pedro Tapia 0-0: Ball
1-0: Ground out 5-3 (Groundball, 56S)
Batting: SHB Albert Sánchez 0-0: Ball
1-0: Swinging Strike
1-1: Ball
2-1: Fly out, F9 (Line Drive, 9LD)
Batting: RHB Yehonatan Chazan 0-0: Foul Ball, location: 2F
0-1: Reached on error, E5 (Groundball, 56)
Batting: RHB Mariano Sánchez 0-0: Ball
1-0: Fly out, F4 (Line Drive, 4)
Bottom of the 4th over - 0 run(s), 0 hit(s), 1 error(s), 1 left on base; Royse City 2 - Sunset District 0
TOP OF THE 5TH
Royse City Targaryens batting - Pitching for Sunset District Fog : RHP Júlio Martínez
Batting: LHB Jorge Garza 0-0: Fly out, F8 (Flyball, 89M)
Batting: LHB Ramón García 0-0: Ball
1-0: Ball
2-0: Ball
3-0: Called Strike
3-1: Bunted foul
3-2: SINGLE (Groundball, 15S) (infield hit)
Batting: RHB Héctor Ruíz 0-0: Swinging Strike
0-1: Ball
1-1: Swinging Strike
1-2: Strikes out swinging
Batting: LHB José Vargas 0-0: Called Strike
Ramón García steals 2nd base
0-1: Ball
1-1: Ground out 4-3 (Groundball, 4)
Top of the 5th over - 0 run(s), 1 hit(s), 0 error(s), 1 left on base; Royse City 2 - Sunset District 0
BOTTOM OF THE 5TH
Sunset District Fog batting - Pitching for Royse City Targaryens : RHP Craig Gasnier
Batting: SHB Esteban Lugo 0-0: Ball
1-0: Ball
2-0: Swinging Strike
2-1: SINGLE (Groundball, 4MD)
Batting: RHB Chad Shafer 0-0: Ball
1-0: Bunt missed!
1-1: Sac Bunt - play at first, batter OUT! 1-4
Esteban Lugo to second
Batting: RHB Ricardo Téllez 0-0: Called Strike
0-1: Swinging Strike
0-2: Ball
1-2: TRIPLE (Flyball, 7LM)
Esteban Lugo scores
Batting: RHB Jack Head 0-0: Called Strike
0-1: Swinging Strike
0-2: SINGLE (Flyball, 8RS)
Ricardo Téllez scores
Batting: RHB Reginald Kalkman 0-0: Foul Ball, location: 2F
0-1: Ball
Jack Head steals 2nd base
1-1: Called Strike
1-2: Foul Ball, location: 2F
1-2: Ball
2-2: Ball
3-2: Foul Ball, location: 2F
3-2: SINGLE (Flyball, 8RS)
Jack Head to third
Runner from 3rd tries for Home, throw and OUT!
Reginald Kalkman to second
Batting: LHB Pedro Tapia 0-0: Ball
1-0: Foul Ball, location: 2F
1-1: Swinging Strike
1-2: Fly out, F8 (Line Drive, 8LD)
Bottom of the 5th over - 2 run(s), 4 hit(s), 0 error(s), 1 left on base; Royse City 2 - Sunset District 2
TOP OF THE 6TH
Royse City Targaryens batting - Pitching for Sunset District Fog : RHP Júlio Martínez
Batting: RHB Junior Pittman 0-0: Called Strike
0-1: SINGLE (Groundball, 6MD)
Batting: RHB Bruce Ingilby 0-0: Ball
1-0: Foul Ball, location: 2F
1-1: DOUBLE (Line Drive, 7LM)
Junior Pittman to third
Batting: RHB Louis Gibbons 0-0: Ball
1-0: Ground out 4-3 (Groundball, 34)
Batting: RHB IV Seacat 0-0: SINGLE (Groundball, 34D)
Junior Pittman scores
Bruce Ingilby to third
Batting: LHB Sisto Pagnamenta 0-0: Ball
1-0: Foul Ball, location: 2F
1-1: Called Strike
1-2: Ball
2-2: Ball
3-2: Foul Ball, location: 2F
3-2: Strikes out looking
Batting: LHB Jorge Garza 0-0: Ball
1-0: Foul Ball, location: 2F
1-1: Ball
2-1: Foul Ball, location: 2F
2-2: Strikes out swinging
Top of the 6th over - 1 run(s), 3 hit(s), 0 error(s), 2 left on base; Royse City 3 - Sunset District 2
BOTTOM OF THE 6TH
Sunset District Fog batting - Pitching for Royse City Targaryens : RHP Craig Gasnier
Batting: SHB Albert Sánchez 0-0: Ball
1-0: Foul Ball, location: 2F
1-1: Foul Ball, location: 2F
1-2: Strikes out swinging
Batting: RHB Yehonatan Chazan 0-0: Called Strike
0-1: SINGLE (Groundball, 56D)
Pitching: RHP José Montalópez
Batting: RHB Mariano Sánchez 0-0: Ball
1-0: Ball
2-0: Foul Ball, location: 2F
2-1: Reached on error, E6 (Groundball, 6)
Yehonatan Chazan to second
Batting: SHB Esteban Lugo 0-0: Ball
Yehonatan Chazan steals 3rd base
Mariano Sánchez to second
1-0: Ball
2-0: Foul Ball, location: 2F
2-1: Foul Ball, location: 2F
2-2: Ball
3-2: Strikes out swinging
Batting: RHB Chad Shafer 0-0: Called Strike
0-1: Ball
1-1: Foul Ball, location: 2F
1-2: Ball
2-2: Ball
3-2: Strikes out looking
Bottom of the 6th over - 0 run(s), 1 hit(s), 1 error(s), 2 left on base; Royse City 3 - Sunset District 2
TOP OF THE 7TH
Royse City Targaryens batting - Pitching for Sunset District Fog : RHP Júlio Martínez
Pitching: RHP José Caballero
Batting: LHB Ramón García 0-0: Foul Ball, location: 2F
0-1: Ball
1-1: Ball
2-1: Foul Ball, location: 2F
2-2: Foul Ball, location: 2F
2-2: Ball
3-2: Base on Balls
Batting: RHB Héctor Ruíz 0-0: Sac Bunt - play at first, batter OUT! 2-4
Ramón García to second
Batting: LHB José Vargas 0-0: Ball
1-0: Ball
2-0: Ball
3-0: Base on Balls
Batting: RHB Junior Pittman 0-0: Ball
Ramón García steals 3rd base
José Vargas to second
1-0: Fly out, F8 (Flyball, 89M)
Runner from 3rd tags up, SCORES, no throw
Batting: RHB Bruce Ingilby 0-0: Ball
1-0: Called Strike
1-1: Foul Ball, location: 2F
1-2: Ball
2-2: Ball
3-2: Reached on error, E5 (Groundball, 5)
José Vargas to third
Pitching: RHP Dave Morse
Batting: RHB Louis Gibbons 0-0: Called Strike
0-1: Fly out, F8 (Flyball, 8RD)
Top of the 7th over - 1 run(s), 0 hit(s), 1 error(s), 2 left on base; Royse City 4 - Sunset District 2
BOTTOM OF THE 7TH
Sunset District Fog batting - Pitching for Royse City Targaryens : RHP José Montalópez
Batting: RHB Ricardo Téllez 0-0: SINGLE (Line Drive, 78M)
Batting: RHB Jack Head 0-0: Ball
1-0: Sac Bunt - play at first, batter OUT! 5-3
Ricardo Téllez to second
Batting: RHB Reginald Kalkman 0-0: Called Strike
Ricardo Téllez steals 3rd base
0-1: Ball
1-1: Ball
2-1: Called Strike
2-2: Foul Ball, location: 2F
2-2: Fly out, F8 (Flyball, 8RD)
Runner from 3rd tags up, SCORES, no throw
Batting: LHB Pedro Tapia 0-0: Ground out 6-3 (Groundball, 6MD)
Bottom of the 7th over - 1 run(s), 1 hit(s), 0 error(s), 0 left on base; Royse City 4 - Sunset District 3
TOP OF THE 8TH
Royse City Targaryens batting - Pitching for Sunset District Fog : RHP Dave Morse
Batting: RHB IV Seacat 0-0: Called Strike
0-1: SINGLE (Line Drive, 4M)
Batting: LHB Sisto Pagnamenta 0-0: Ball
1-0: Called Strike
1-1: Bunted foul
1-2: Ball
2-2: Fielders Choice at 2nd, 4-6 (Groundball, 4)
Batting: LHB Jorge Garza 0-0: Fly out, F9 (Flyball, 9S)
Batting: LHB Ramón García 0-0: Called Strike
0-1: Swinging Strike
0-2: Ball
Sisto Pagnamenta steals 2nd base
1-2: Strikes out swinging, 2-3 out at first.
Top of the 8th over - 0 run(s), 1 hit(s), 0 error(s), 1 left on base; Royse City 4 - Sunset District 3
BOTTOM OF THE 8TH
Sunset District Fog batting - Pitching for Royse City Targaryens : RHP José Montalópez
Pitching: RHP Harry Mander
Now at SS: Jason Compton
Batting: SHB Albert Sánchez 0-0: Ball
1-0: Ball
2-0: Foul Ball, location: 2F
2-1: Called Strike
2-2: Strikes out swinging
Batting: RHB Yehonatan Chazan 0-0: Foul Ball, location: 2F
0-1: Fly out, F7 (Line Drive, 78M)
Batting: RHB Mariano Sánchez 0-0: Called Strike
0-1: Ball
1-1: Foul Ball, location: 2F
1-2: Strikes out swinging, 2-3 out at first.
Bottom of the 8th over - 0 run(s), 0 hit(s), 0 error(s), 0 left on base; Royse City 4 - Sunset District 3
TOP OF THE 9TH
Royse City Targaryens batting - Pitching for Sunset District Fog : RHP Dave Morse
Pitching: LHP José Castaneda
Batting: RHB Héctor Ruíz 0-0: Called Strike
0-1: Hit by Pitch
Batting: LHB José Vargas 0-0: Called Strike
0-1: Ball
1-1: Fly out, F9 (Flyball, 9D)
Batting: RHB Junior Pittman 0-0: Ball
1-0: Called Strike
1-1: Called Strike
1-2: Strikes out swinging
Pinch Hitting: RHB Javier Chávez 0-0: Ball
1-0: Fly out, F9 (Flyball, 9S)
Top of the 9th over - 0 run(s), 0 hit(s), 0 error(s), 1 left on base; Royse City 4 - Sunset District 3
BOTTOM OF THE 9TH
Sunset District Fog batting - Pitching for Royse City Targaryens : RHP Harry Mander
Pitching: RHP Frank Castle
Now at 3B: Javier Chávez
Now in RF: Miguel Uribe
Pinch Hitting: RHB Simon Yusaf Khel 0-0: Called Strike
0-1: Foul Ball, location: 2F
0-2: Ball
1-2: DOUBLE (Line Drive, 89XD)
Batting: RHB Chad Shafer 0-0: Called Strike
0-1: Fly out, F4 (Flyball, 34D)
Batting: RHB Ricardo Téllez 0-0: Foul Ball, location: 2F
0-1: Ball
1-1: Swinging Strike
1-2: Strikes out swinging
Pinch Hitting: LHB Jim Unknown 0-0: Called Strike
0-1: Foul Ball, location: 2F
0-2: Strikes out swinging
Bottom of the 9th over - 0 run(s), 1 hit(s), 0 error(s), 1 left on base; Royse City 4 - Sunset District 3
Saturday, May 26th, 2018 - OOTP Baseball 17.12 Build 75